 Dungeon Crawl Stone Soup version 0.22-a0-348-gd16d1391c7 (webtiles) character file.

149947 Laan the Severer (level 17, -12/112 HPs)
             Began as a Gargoyle Fighter on Apr 11, 2018.
             Was the Champion of the Shining One.
             Killed from afar by a Hell Sentinel (21 damage)
             ... with damnation
             ... summoned by a deep elf demonologist
             ... on level 2 of the Depths.
             The game lasted 00:49:12 (21438 turns).

Laan the Severer (Gargoyle Fighter)                Turns: 21438, Time: 00:49:12

Health: -12/112    AC: 31    Str: 30    XL:     17   Next: 52%
Magic:  21/21      EV:  6    Int:  6    God:    the Shining One [******]
Gold:   1211       SH: 28    Dex:  9    Spells: 16/16 levels left

rFire    + + .     SeeInvis .   a - +9 broad axe (holy)
rCold    + + .     Gourm    .   S - +4 large shield of Baldness {rF+ Str+3}
rNeg     + + +     Faith    .   E - +0 plate armour
rPois    ∞         Spirit   .   F - +0 hat "Kuisemn" {Regen+}
rElec    +         Reflect  +   v - scarf {cloud immunity}
rCorr    .         Harm     .   Q - +0 pair of gloves
MR       +....                  (no boots)
Stlth    ..........             H - +3 amulet of reflection
HPRegen  0.68/turn              G - ring of Oqofam {rF+ rC+ Int-3 Stlth+}
MPRegen  0.17/turn              V - ring of protection from cold

@: flying, glowing
A: big wings, negative energy resistance 1, electricity resistance, unbreathing,
petrification resistance, rot immunity, AC +12
a: Stop Flying, Divine Shield, Cleansing Flame, Summon Divine Warrior, Renounce
Religion


You were on level 2 of the Depths.
You worshipped the Shining One.
The Shining One was exalted by your worship.
You were not hungry.

You visited 5 branches of the dungeon, and saw 26 of its levels.

You collected 2614 gold pieces.
You spent 1403 gold pieces at shops.

Inventory:

Hand Weapons
 a - a +9 broad axe of holy wrath (weapon)
 b - a +0 war axe of flaming
Missiles
 p - 14 javelins (quivered)
Armour
 v - a scarf of cloud immunity (worn)
 A - the +0 shield "Butothruc" {rF+}
   (You acquired it on level 1 of the Lair of Beasts)

   It protects you from fire.
 E - a +0 plate armour (worn)
 F - the +0 hat "Kuisemn" (worn) {Regen+}
   (You acquired it on level 1 of the Lair of Beasts)

   It increases your rate of regeneration.
 K - a +0 large shield
 Q - a +0 pair of gloves (worn)
 S - the +4 large shield of Baldness (worn) {rF+ Str+3}
   (You acquired it on level 2 of the Orcish Mines)

   It affects your strength (+3).
   It protects you from fire.
Jewellery
 n - an uncursed ring of protection from magic
 r - an uncursed amulet of the acrobat
 s - an uncursed ring of magical power
 G - the ring of Oqofam (left hand) {rF+ rC+ Int-3 Stlth+}
   (You bought it in a shop on level 2 of the Orcish Mines)

   [ring of protection from cold]

   It affects your intelligence (-3).
   It protects you from fire.
   It protects you from cold.
   It makes you more stealthy.
 H - a +3 amulet of reflection (around neck)
 V - a ring of protection from cold (right hand)
Wands
 g - a wand of flame (131)
 q - a wand of iceblast (21)
 J - a wand of polymorph (16)
 P - a wand of acid (9)
Scrolls
 e - 13 scrolls of remove curse
 i - 6 scrolls of magic mapping
 j - 4 scrolls of fog
 o - 2 scrolls of amnesia
 t - 5 scrolls of immolation
 u - 7 scrolls of teleportation
 y - 2 scrolls of vulnerability
 B - 3 scrolls of enchant armour
 I - 7 scrolls of identify
 L - 5 scrolls of fear
 N - a scroll of holy word
 T - a scroll of enchant weapon
 U - a scroll of brand weapon
Potions
 c - 2 potions of mutation
 d - 5 potions of might
 h - 6 potions of flight
 k - a potion of invisibility
 l - 2 potions of resistance
 m - 5 potions of lignification
 w - 2 potions of brilliance
 z - 2 potions of berserk rage
 C - 6 potions of haste
 M - a potion of agility
Comestibles
 f - 34 rations
 D - 4 chunks of flesh


   Skills:
 + Level 14.5 Fighting
 - Level 18.0 Axes
 + Level 14.5 Armour
 + Level 14.5 Shields
 + Level 5.6 Invocations


You had 16 spell levels left.
You didn't know any spells.

Dungeon Overview and Level Annotations

Branches:
Dungeon (15/15)            Temple (1/1) D:5            Lair (6/6) D:10
 Shoals (0/4) Lair:2        Snake (0/4) Lair:2        Slime (0/5) Lair:5
    Orc (2/2) D:9             Elf (0/3) Orc:2        Vaults (0/5) D:13
 Depths (2/5) D:15

Altars:
Ashenzari
Cheibriados
Dithmenos
Elyvilon
Fedhas
Gozag
Hepliaklqana
Kikubaaqudgha
Makhleb
Nemelex Xobeh
Okawaru
Qazlal
Ru
Sif Muna
Trog
Uskayaw
Vehumet
Wu Jian
Xom
Yredelemnul
Zin
The Shining One
Beogh
Lugonu

Shops:
D:7 (   D:8 ?   D:10 (   Orc:2 [***?[   Depths:2 :

Portals:
Hell: Depths:1
Abyss: Depths:1
Pandemonium: Depths:1
Trove: D:11 (give 6 potions of agility)

Annotations:
Lair:4 exclusion: oklob plant
Lair:5 exclusion: 3 oklob plants


Innate Abilities, Weirdness & Mutations

You are resistant to torment.
Your stone body is resilient. (AC +12)
You are immune to poison.
Your large and strong wings let you fly indefinitely.
You resist negative energy. (rN+)
You are resistant to electric shocks. (rElec)
You can survive without breathing.
You are immune to petrification.
You are immune to rotting.


Message History

You feel better.
The shadow demon gestures.
You block the Hell Sentinel's attack. The Hell Sentinel hits you.
* * * LOW HITPOINT WARNING * * *
The deep elf demonologist casts a spell.
An ice dragon comes into view.
The ice dragon roars deafeningly!
You feel better.
You hear a shout!
The shadow demon gestures.
The Hell Sentinel gestures at you.
The sphere of damnation explodes!
The damnation engulfs you!
* * * LOW HITPOINT WARNING * * *
The damnation engulfs the Hell Sentinel.
The Hell Sentinel completely resists.
The ice dragon moves out of view.
The slime creature quivers.
You hear a shout!
You feel better. The Hell Sentinel gestures at you.
The sphere of damnation explodes!
The damnation engulfs you!
You die...

#.# #.# #.# #.# ##.
#.# ... #.# ... . #.#
##.##..
#.#############44....J
#.......(.@11Je32≈...J
#############R24≈≈(...
#..⌠.⌠ee4J≈≈≈.C.
.≈..∩....≈≈≈≈.≈≈
...⌠.⌠...≈....≈≈
#........≈.≈≈≈≈≈
########...≈≈≈≈≈
#...≈≈≈≈≈ ##..≈≈≈≈≈


You could see 2 Hell Sentinels, a rakshasa, a very large slime creature, a slime
creature, a soul eater, 2 shadow demons, a deep elf demonologist, a hellwing, a
chaos spawn and a red devil.

Vanquished Creatures
  Margery (Depths:1)
  Rupert (Lair:4)
  Kirke (D:13)
  A frost giant (Depths:2)
  An orc warlord (Orc:1)
  Louise (Depths:1)
  12 very ugly things
  The ghost of Laan the Ruinous, a journeyman DEFE of Vehumet (Depths:1)
  6 stone giants
  A caustic shrike skeleton (Depths:1)
  A vampire knight (Depths:1)
  2 ettins
  A fire dragon (Depths:1)
  A quicksilver dragon zombie (Depths:1)
  A merfolk impaler (Depths:1)
  5 great orbs of eyes
  3 ice dragons
  3 hydras
  3 rakshasas
  A spriggan air mage (Depths:2)
  2 ogre magi (Depths:1)
  A death knight (D:15)
  3 centaur warriors
  A tengu warrior (Depths:1)
  11 two-headed ogres
  5 deep troll shamans (Depths:1)
  7 deep troll earth magi (Depths:1)
  A death yak (Lair:5)
  Urug (Lair:3)
  Nergalle (D:12)
  4 hell knights (Depths:1)
  2 iron trolls (Depths:1)
  A glowing orange brain (Depths:1)
  3 wizards
  15 deep trolls
  2 flayed ghosts
  A phantasmal warrior (D:15)
  2 necromancers (Depths:1)
  4 orc knights
  An orc sorcerer (Orc:2)
  A manticore (D:15)
  The ghost of Sassnadas the Quickloader, a novice FoHu (D:5)
  A deep elf mage (D:14)
  A faun (shapeshifter) (Depths:2)
  13 ugly things
  12 elephants
  3 black mambas
  3 centaur zombies
  Joseph (D:10)
  A gargoyle (D:15)
  A merfolk siren (Lair:2)
  A spiny frog (shapeshifter) (D:12)
  A torpor snail (Lair:6)
  10 spiny frogs
  A centaur skeleton (D:11)
  A rime drake (Lair:5)
  2 freezing wraiths (D:15)
  3 yaktaurs
  7 komodo dragons
  A jumping spider (shapeshifter) (Depths:1)
  A tengu conjurer (D:14)
  2 spriggan skeletons (Depths:1)
  8 trolls
  5 polar bears
  Prince Ribbit (D:6)
  6 slime creatures
  10 hippogriffs
  8 hornets
  10 blink frogs
  A dream sheep (Lair:6)
  A shadow (D:14)
  16 spriggans (Lair:6)
  A tarantella (shapeshifter) (D:12)
  2 water elementals
  A vampire (D:13)
  2 wyverns
  4 wraiths
  61 yaks
  4 basilisks
  A steam dragon (D:14)
  11 vampire mosquitoes
  3 hungry ghosts
  4 nagas (Lair:2)
  A tengu zombie (Depths:1)
  An insubstantial wisp (D:11)
  11 water moccasins
  4 wargs (Orc:2)
  A soldier ant (D:15)
  An acid dragon (D:14)
  8 porcupines
  A swamp drake (D:11)
  26 orc warriors
  A sky beast (D:11)
  4 ice beasts
  23 wolves
  An ettin simulacrum (Depths:1)
  8 ogres
  3 black bears (Lair:6)
  2 necrophages
  2 eyes of draining
  A phantom (D:10)
  3 boggarts (Lair:6)
  23 centaurs
  10 crocodiles
  2 big kobolds
  16 bullfrogs
  3 gnoll sergeants
  A wyvern skeleton (D:10)
  14 scorpions
  8 killer bees
  5 wights (D:10)
  3 electric eels
  A howler monkey (D:9)
  9 crimson imps
  2 bullfrog zombies
  A quasit (D:11)
  A yaktaur simulacrum (Depths:1)
  4 jellies
  10 hounds
  3 bullfrog skeletons
  11 orc priests
  13 orc wizards
  3 iguanas
  12 worker ants
  A hound zombie (D:5)
  2 hound skeletons
  4 worker ant zombies
  Robin (D:3)
  11 adders
  12 gnolls
  5 shadow imps
  12 white imps (D:14)
  An ufetubus (Depths:1)
  An adder zombie (D:7)
  An adder skeleton (D:7)
  A worm (D:2)
  6 dart slugs
  9 leopard geckos
  76 orcs
  6 bats
  2 giant cockroaches
  15 goblins
  12 hobgoblins
  29 jackals
  12 kobolds
  6 quokkas
  3 ball pythons
  2 frilled lizards (D:2)
  2 giant cockroach zombies (D:4)
  A leopard gecko zombie (D:4)
  3 quokka skeletons
  A quokka zombie (D:4)
  8 rats
  6 fungi
  2 plants
853 creatures vanquished.

Vanquished Creatures (others)
  A centaur warrior (D:14)
  2 cyclopes
  A tengu conjurer (D:14)
  An orc warrior (Orc:2)
  9 centaurs
  7 orcs
  A plant (Lair:5)
  9 toadstools (Lair:4)
31 creatures vanquished.

Grand Total: 884 creatures vanquished

Notes
Turn   | Place    | Note
-------+----------+-------------------------------------------
     0 | D:1      | Laan the Gargoyle Fighter began the quest for the Orb.
     0 | D:1      | Reached XP level 1. HP: 14/14 MP: 1/1
    44 | D:1      | Reached skill level 2 in Axes
   141 | D:1      | Reached XP level 2. HP: 18/19 MP: 2/2
   620 | D:2      | Reached skill level 3 in Axes
   622 | D:2      | Reached XP level 3. HP: 18/23 MP: 3/3
   800 | D:2      | Found a shadowy altar of Dithmenos.
   855 | D:2      | Reached XP level 4. HP: 19/28 MP: 4/4
   997 | D:2      | Reached skill level 4 in Axes
  1248 | D:3      | Reached XP level 5. HP: 20/32 MP: 5/5
  1256 | D:3      | Reached skill level 5 in Axes
  1667 | D:3      | Found a snail-covered altar of Cheibriados.
  1716 | D:3      | Reached XP level 6. HP: 31/37 MP: 6/6
  1734 | D:3      | Noticed Robin
  1765 | D:3      | Killed Robin
  2108 | D:4      | Reached skill level 6 in Axes
  2178 | D:4      | Reached XP level 7. HP: 9/41 MP: 7/7
  2559 | D:4      | Found a hide-covered altar of Uskayaw.
  2561 | D:4      | Found a deep blue altar of Sif Muna.
  2561 | D:4      | Found a blossoming altar of Fedhas.
  2936 | D:5      | Entered Level 5 of the Dungeon
  3037 | D:5      | Reached skill level 7 in Axes
  3136 | D:5      | Found a staircase to the Ecumenical Temple.
  3204 | Temple   | Entered the Ecumenical Temple
  3400 | D:5      | Noticed Sassnadas's ghost (novice FoHu)
  3413 | D:5      | Killed Sassnadas's ghost
  3413 | D:5      | Reached skill level 8 in Axes
  3413 | D:5      | Reached XP level 8. HP: 39/46 MP: 8/8
  3517 | D:5      | Found an opulent altar of Gozag.
  4197 | D:6      | Reached skill level 9 in Axes
  4336 | D:6      | Found a shattered altar of Ashenzari.
  4336 | D:6      | Found an ornate altar of the Wu Jian Council.
  4543 | D:6      | Noticed Prince Ribbit
  4585 | D:6      | Killed Prince Ribbit
  4585 | D:6      | Reached skill level 10 in Axes
  4585 | D:6      | Reached XP level 9. HP: 20/51 MP: 9/9
  5785 | D:7      | Reached skill level 11 in Axes
  5947 | D:7      | Found an ornate altar of the Wu Jian Council.
  6143 | D:7      | Found Ocemiwumm's Antique Weapon Shop.
  6166 | D:7      | Bought a glowing war axe for 156 gold pieces
  6204 | D:7      | Found a white marble altar of Elyvilon.
  6669 | D:8      | Reached skill level 5 in Shields
  6669 | D:8      | Reached XP level 10. HP: 40/58 MP: 10/10
  6674 | D:8      | Reached skill level 5 in Fighting
  6674 | D:8      | Reached skill level 5 in Armour
  6754 | D:8      | Noticed a two-headed ogre
  6765 | D:8      | HP: 1/59 [two-headed ogre/dire flail (8)]
  7125 | D:8      | Killed a two-headed ogre
  7475 | D:8      | Found Zoen Wuich's Magic Scroll Shop.
  7590 | D:9      | Found a glowing golden altar of the Shining One.
  7668 | D:9      | Found a staircase to the Orcish Mines.
  7790 | D:9      | Found a glowing silver altar of Zin.
  7792 | D:9      | Found a stormy altar of Qazlal.
  7862 | D:10     | Entered Level 10 of the Dungeon
  7870 | D:10     | Noticed Joseph
  7891 | D:10     | Killed Joseph
  7891 | D:10     | Reached skill level 12 in Axes
  8137 | D:9      | Became a worshipper of the Shining One
  8283 | D:9      | Reached XP level 11. HP: 66/66 MP: 11/11
  8589 | D:10     | Found Bistrut's Weapon Shoppe.
  8626 | D:10     | Noticed a two-headed ogre
  8635 | D:10     | Killed a two-headed ogre
  8873 | D:10     | Found a staircase to the Lair.
  9211 | Lair:1   | Entered Level 1 of the Lair of Beasts
  9332 | Lair:1   | Reached skill level 13 in Axes
  9532 | Lair:1   | Reached * piety under the Shining One
  9640 | Lair:1   | Identified a scroll of acquirement
  9641 | Lair:1   | Got a distressingly furry shield
  9642 | Lair:1   | Identified the +0 shield "Butothruc" {rF+} (You acquired it on level 1 of the Lair of Beasts)
 10077 | Lair:1   | Got a twisted hat
 10078 | Lair:1   | Identified the +0 hat "Kuisemn" {Regen+} (You acquired it on level 1 of the Lair of Beasts)
 10110 | Lair:2   | Reached XP level 12. HP: 71/73 MP: 12/12
 10114 | Lair:2   | Found a staircase to the Snake Pit.
 10327 | Lair:2   | Found a radiant altar of Vehumet.
 10932 | Lair:2   | Found a staircase to the Shoals.
 11298 | Lair:3   | Noticed Urug
 11312 | Lair:3   | Killed Urug
 11401 | Lair:3   | Noticed a six-headed hydra
 11412 | Lair:3   | Killed a one-headed hydra
 11530 | Lair:3   | Reached skill level 14 in Axes
 11804 | Lair:4   | Noticed a seven-headed hydra
 11812 | Lair:4   | Killed a two-headed hydra
 12244 | Lair:4   | Noticed Rupert
 12265 | Lair:4   | Killed Rupert
 12265 | Lair:4   | Reached XP level 13. HP: 21/81 MP: 13/13
 12581 | Lair:4   | Found a blossoming altar of Fedhas.
 12663 | Lair:5   | Found a dark tunnel.
 12829 | Lair:5   | Found a staircase to the Slime Pits.
 12922 | Lair:5   | Reached skill level 10 in Armour
 12923 | Lair:5   | Reached skill level 10 in Fighting
 12929 | Lair:5   | Reached skill level 10 in Shields
 13346 | Lair:6   | Entered Level 6 of the Lair of Beasts
 13444 | Lair:6   | Reached ** piety under the Shining One
 13453 | Lair:6   | Reached skill level 15 in Axes
 13722 | Lair:6   | Gained mutation: Your large and strong wings let you fly indefinitely. [Gargoyle growth]
 13722 | Lair:6   | Reached XP level 14. HP: 88/88 MP: 14/14
 14191 | Lair:6   | Got a flickering pewter ring
 14193 | Lair:6   | Identified the ring "Zyeqagor" {rN+ MR+ Str-2 Int+3 Stlth+} (You found it on level 6 of the Lair of Beasts)
 14713 | D:11     | Reached *** piety under the Shining One
 14827 | D:11     | Found a portal to a secret trove of treasure.
 15393 | D:12     | Found a stormy altar of Qazlal.
 15484 | D:12     | Noticed Nergalle
 15494 | D:12     | Killed Nergalle
 15573 | D:12     | Reached **** piety under the Shining One
 15638 | D:12     | Reached skill level 16 in Axes
 16319 | D:13     | Found a gate to the Vaults.
 16373 | D:13     | Noticed Kirke
 16374 | D:13     | Reached ***** piety under the Shining One
 16381 | D:13     | Noticed a sphinx
 16388 | D:13     | Killed Kirke
 16566 | D:14     | Reached XP level 15. HP: 80/96 MP: 15/15
 16790 | D:14     | Found a frozen archway.
 17074 | D:15     | Entered Level 15 of the Dungeon
 17344 | D:15     | Found a staircase to the Depths.
 17923 | Orc:1    | Entered Level 1 of the Orcish Mines
 17999 | Orc:1    | Noticed an orc warlord
 18015 | Orc:1    | Killed an orc warlord
 18036 | Orc:1    | Found a roughly hewn altar of Beogh.
 18258 | Orc:2    | Entered Level 2 of the Orcish Mines
 18258 | Orc:2    | Found a staircase to the Elven Halls.
 18300 | Orc:2    | Found Inkohunke's Assorted Antiques.
 18308 | Orc:2    | Bought a shimmering tin ring for 170 gold pieces
 18361 | Orc:2    | Reached ****** piety under the Shining One
 18392 | Orc:2    | Found Etipoonu's Armour Emporium.
 18456 | Orc:2    | Found Atsaqunn's General Store.
 18456 | Orc:2    | Found Ymotujop's Magic Scroll Shop.
 18517 | Orc:2    | Found Wobio's Armour Boutique.
 18547 | Orc:2    | Found Peoku's General Store.
 18552 | Orc:2    | Bought a scroll of acquirement for 520 gold pieces
 18552 | Orc:2    | Bought a scroll of enchant weapon for 75 gold pieces
 18552 | Orc:2    | Bought a scroll of enchant weapon for 75 gold pieces
 18555 | Orc:2    | Got a blackened large shield
 18556 | Orc:2    | Identified the +4 large shield of Baldness {rF+ Str+3} (You acquired it on level 2 of the Orcish Mines)
 18572 | Orc:2    | Identified the ring of Oqofam {rF+ rC+ Int-3 Stlth+} (You bought it in a shop on level 2 of the Orcish Mines)
 18583 | Orc:2    | Bought 2 potions of curing for 102 gold pieces
 18585 | Orc:2    | Bought a scroll of enchant weapon for 105 gold pieces
 18586 | Orc:2    | Bought a scroll of brand weapon for 200 gold pieces
 19363 | Depths:1 | Entered Level 1 of the Depths
 19379 | D:15     | Identified a +9 broad axe of holy wrath (a +9 broad axe of chopping blessed by the Shining One)
 19379 | D:15     | Received a gift from the Shining One
 19391 | D:15     | Reached skill level 17 in Axes
 19601 | Depths:1 | Found a one-way gate to the infinite horrors of the Abyss.
 19602 | Depths:1 | Noticed Laan's ghost (journeyman DEFE)
 19604 | Depths:1 | Noticed Louise
 19604 | Depths:1 | Killed Laan's ghost
 19631 | Depths:1 | Killed Louise
 19787 | Depths:1 | Reached XP level 16. HP: 75/103 MP: 16/16
 20012 | Depths:1 | Noticed Margery
 20035 | Depths:1 | Killed Margery
 20067 | Depths:1 | Found a gateway to Hell.
 20141 | Depths:1 | Reached skill level 18 in Axes
 20142 | Depths:1 | Reached skill level 1 in Invocations
 20284 | Depths:1 | Paralysed by a vampire knight for 6 turns
 20389 | Depths:1 | Reached XP level 17. HP: 110/110 MP: 19/19
 20492 | Depths:1 | Found a one-way gate leading to the halls of Pandemonium.
 20843 | Depths:1 | Reached skill level 5 in Invocations
 21137 | Depths:2 | Found Ecyc's Book Shoppe.
 21139 | Depths:2 | Paralysed by a great orb of eyes for 5 turns
 21157 | Depths:2 | Noticed a lich
 21167 | Depths:2 | Paralysed by a great orb of eyes for 5 turns
 21416 | Depths:2 | Noticed a Hell Sentinel
 21417 | Depths:2 | Noticed a Hell Sentinel
 21434 | Depths:2 | HP: 3/112 [Hell Sentinel[a deep elf demonologist] (3)]
 21437 | Depths:2 | HP: 1/112 [Hell Sentinel/damnation[a deep elf demonologist] (26)]
 21438 | Depths:2 | Killed from afar by a Hell Sentinel

Vault maps used:
D:1:      shiori_shiawase
D:2:      lemuel_crystal_altar, first_ration
D:3:      kennysheep_slug_shrine, uniq_robin
D:4:      minitemple, serial_undead, serial_undead_b, serial_undead_f,
          serial_undead_b, serial_undead_b
D:5:      minmay_temple_entry_hall,
          nicolae_gozag_cash_rules_everything_around_me
D:6:      chequers_temple_overflow_statue_of_worship, minivault_27,
          uniq_prince_ribbit1
D:7:      elyvilon_altar_1, basic_altar, serial_shops, nicolae_shop_stone
D:8:      enter_bailey_2, serial_shops, nicolae_shop_statue_plus,
          blue_anna_alchemist, kennysheep_small_circle
D:9:      nicolae_overflow_hidden_temple, david_orc_3
D:10:     erik_lair_island, serial_shops, shop_fountains, uniq_joseph
D:11:     enter_trove_0, pond
D:12:     nicolae_qazlal_general_emergency, uniq_nergalle
D:13:     david_vaults_1, kennysheep_just_a_vault, uniq_kirke
D:14:     infiniplex_staircase_pillars_2, portal_ice_cave_entry_imps
D:15:     grunt_enter_depths_hoard, kennysheep_flooded_box
Temple:   kb_corrupted_temple
Lair:1:   eino_small_chamber_without_monster, grunt_megastairs_5
Lair:2:   minmay_shoals_entry_lonely_mermaid,
          minmay_snake_entry_guardpost_small, basic_altar, minivault_24
Lair:3:   serial_bayou_shore_a, uniq_urug
Lair:4:   minivault_19, tgw_fedhas, uniq_rupert
Lair:5:   dpeg_slime_entry_corner, enter_volcano_1, minmay_lair_oklob_chamber
Lair:6:   minmay_lair_end_enchanted_forest, infiniplex_staircase_pool
Orc:1:    basic_altar, rock_pile
Orc:2:    st_orc_rangers, serial_shops, shop, shop
Depths:1: kennysheep_decorative_pillar, grunt_pan_entry_zigzag,
          grunt_metal_band, nicolae_abyss_entry_one_way_or_another,
          grunt_ministairs_13, kennysheep_opposing_triangles, grunt_megastairs_3
Depths:2: evilmike_silver_temple, hell_entry, serial_shops, shop_fountains,
          shop, grunt_pan_entry_spiral, hangedman_decor_diamond_cutter,
          grunt_ministairs_1, infiniplex_staircase_zigzag_2

Skill      XL: |  1  2  3  4  5  6  7  8  9 10 11 12 13 14 15 16 17 |
---------------+----------------------------------------------------+-----
Axes           | 2 3 4 5 6 8 10 11 12 13 14 15 16 17 18 | 18.0
Shields        | 5 6 8 9 10 11 12 13 14 | 14.5
Fighting       | 4 6 8 9 10 11 12 13 14 | 14.5
Armour         | 4 6 8 9 10 12 13 14 | 14.5
Invocations    | 3 5 |  5.6

Action                   |  1- 3 |  4- 6 |  7- 9 | 10-12 | 13-15 | 16-18 || total
-------------------------+-------+-------+-------+-------+-------+-------++-------
Melee: War axe           |   118 |   231 |       |    15 |     6 |       ||   370
       Broad axe         |       |    14 |   332 |   506 |  1011 |   370 ||  2233
Throw: Javelin           |       |       |       |       |     7 |     1 ||     8
Invok: Brand Weapon With |       |       |       |       |     1 |       ||     1
 Abil: Fly               |       |       |       |       |     1 |       ||     1
Evoke: Wand              |       |       |       |     1 |     7 |       ||     8
  Use: Potion            |       |     1 |     5 |     2 |     4 |    11 ||    23
       Scroll            |       |       |    23 |    13 |    16 |     3 ||    55
  Eat: Chunk             |       |     5 |    15 |    15 |    24 |     5 ||    64
       Ration            |       |       |       |     1 |     1 |       ||     2
Armor: Scale mail        |    90 |   138 |   162 |    20 |       |       ||   410
       Plate armour      |       |       |       |   242 |   424 |   137 ||   803
Dodge: Dodged            |    66 |    82 |   127 |    91 |    94 |    40 ||   500
Block: Shield            |    84 |   127 |   181 |   123 |       |       ||   515
       Large shield      |       |       |       |   216 |  1097 |   371 ||  1684
       Reflection        |       |       |       |     3 |   117 |    11 ||   131

Table legend:
 A = Spawn XP
 B = Non-spawn XP
 C = Spawn XP percentage of total XP
 D = Spawn monster count
 E = Non-spawn monster count
 F = Spawn count percentage of total count
 G = Total turns spent on level
                    A         B        C        D         E        F      G
               +---------+---------+-------+---------+---------+-------+---------
         Total |       0 |  214210 |   0.0 |       0 |     864 |   0.0 | 21438
               +---------+---------+-------+---------+---------+-------+---------
           D:1 |       0 |      27 |   0.0 |       0 |      15 |   0.0 |   564
           D:2 |       0 |      74 |   0.0 |       0 |      21 |   0.0 |   631
           D:3 |       0 |     261 |   0.0 |       0 |      56 |   0.0 |   723
           D:4 |       0 |     308 |   0.0 |       0 |      20 |   0.0 |  1018
           D:5 |       0 |     714 |   0.0 |       0 |      15 |   0.0 |  1037
           D:6 |       0 |    1128 |   0.0 |       0 |      20 |   0.0 |  1075
           D:7 |       0 |    1462 |   0.0 |       0 |      38 |   0.0 |  1371
           D:8 |       0 |    2496 |   0.0 |       0 |      28 |   0.0 |  1050
           D:9 |       0 |    1178 |   0.0 |       0 |      25 |   0.0 |   750
          D:10 |       0 |    4756 |   0.0 |       0 |      45 |   0.0 |  1032
          D:11 |       0 |    3698 |   0.0 |       0 |      33 |   0.0 |   643
          D:12 |       0 |    7090 |   0.0 |       0 |      60 |   0.0 |   744
          D:13 |       0 |   10124 |   0.0 |       0 |      32 |   0.0 |   620
          D:14 |       0 |    7219 |   0.0 |       0 |      43 |   0.0 |   541
          D:15 |       0 |   11079 |   0.0 |       0 |      24 |   0.0 |   779
        Lair:1 |       0 |    5472 |   0.0 |       0 |      26 |   0.0 |   921
        Lair:2 |       0 |    3990 |   0.0 |       0 |      21 |   0.0 |   986
        Lair:3 |       0 |    5424 |   0.0 |       0 |      20 |   0.0 |   732
        Lair:4 |       0 |    6260 |   0.0 |       0 |      14 |   0.0 |   881
        Lair:5 |       0 |    7838 |   0.0 |       0 |      24 |   0.0 |   688
        Lair:6 |       0 |   22450 |   0.0 |       0 |      98 |   0.0 |  1241
         Orc:1 |       0 |    3180 |   0.0 |       0 |      18 |   0.0 |   433
         Orc:2 |       0 |    6969 |   0.0 |       0 |      51 |   0.0 |   842
      Depths:1 |       0 |   85873 |   0.0 |       0 |     100 |   0.0 |  1586
      Depths:2 |       0 |   15140 |   0.0 |       0 |      17 |   0.0 |   442
               +---------+---------+-------+---------+---------+-------+---------
